[Event "December 19 Early 2023"]
[Site "https://www.chess.com"]
[Date "2023.12.19"]
[Round "11"]
[White "Papp, Petra"]
[Black "Pein, Jonathan"]
[Result "0-1"]
[Board "135"]
[TimeControl "180+1"]
[WhiteFideId "739049"]
[BlackFideId "417092"]
[WhiteElo "2270"]
[BlackElo "2130"]
[WhiteTeam "HUN"]
[BlackTeam "ENG"]
[WhiteClock "0:00:00"]
[BlackClock "0:00:08"]

1. e4 e5 2. Nf3 d6 3. d4 exd4 4. Nxd4 Nf6 5. Nc3 g6 6. Be3 Bg7 7. f3 O-O 8. Qd2 Nc6 9. O-O-O Nxd4 10. Bxd4 Be6 11. h4 c5 12. Be3 b5 13. Bxb5 Qa5 14. h5 Rab8 15. hxg6 fxg6 16. Qxd6 Bf7 17. Qa6 Qc7 18. Qc6 Qe7 19. Bxc5 Qe5 20. Bxf8 Rxf8 21. Qd6 Qg5+ 22. Qd2 Qc5 23. Qd6 Qe3+ 24. Kb1 Nh5 25. Qd3 Qb6 26. g4 Nf4 27. Qd6 Qe3 28. Qd2 Qb6 29. Qd6 Qa5 30. Qa3 Qxa3 31. bxa3 Bxc3 32. Ba4 Rb8+ 33. Bb3 Bg7 34. Rhe1 Ne6 35. Kc1 Nc5 36. Bxf7+ Kxf7 37. Rd5 Rc8 38. Red1 Bf6 39. R1d2 Bg5 40. Rxg5 Kf6 41. Rgd5 Ne6 42. Rd6 Ke5 43. Ra6 Rc7 44. Rdd6 Nd4 45. c3 Rxc3+ 46. Kd2 Rc2+ 47. Kd1 Rc4 48. Rd5+ Kf4 49. Rad6 Ke3 50. Rd7 Nxf3 51. Rd3+ Kxe4 52. R3d6 Ne5 53. Ra6 Nxd7 54. Rxa7 Ne5 55. Rxh7 Rd4+ 56. Ke1 Rd3 57. a4 Ra3 58. Ra7 Rxa2 59. a5 Kf4 60. a6 Kxg4 61. Ra8 Nf3+ 62. Kf1 g5 63. Rg8 Rxa6 64. Rf8 Ra1+ 65. Kf2 Ra2+ 66. Ke3 Ne5 67. Re8 Ng6 68. Re4+ Nf4 69. Re8 Re2+ 0-1

[Event "December 19 Early 2023"]
[Site "https://www.chess.com"]
[Date "2023.12.19"]
[Round "11"]
[White "Dilmukhametov, Artur"]
[Black "Demina, Marya"]
[Result "0-1"]
[Board "136"]
[TimeControl "180+1"]
[WhiteFideId "24179922"]
[BlackFideId "4195671"]
[WhiteElo "2176"]
[BlackElo "1978"]
[WhiteTeam "RUS"]
[BlackTeam "RUS"]
[WhiteClock "0:00:07"]
[BlackClock "0:00:05"]

1. e4 c6 2. d4 d5 3. e5 Bf5 4. h4 h5 5. Bd3 Bxd3 6. Qxd3 e6 7. Bg5 Qb6 8. Nd2 c5 9. c4 Qxb2 10. Rb1 Qxd4 11. Qxd4 cxd4 12. Rxb7 Nc6 13. Ngf3 Bb4 14. O-O Nge7 15. Rb1 Bc3 16. Rc7 Rc8 17. Rbb7 Rxc7 18. Rxc7 Ba5 19. Rb7 d3 20. Bxe7 Nxe7 21. cxd5 Nxd5 22. Rxa7 Bxd2 23. Ra8+ Ke7 24. Rxh8 Bb4 25. Rxh5 Nc3 26. Rh7 Nxa2 27. Rxg7 d2 28. Nxd2 Bxd2 29. h5 Nc3 30. Rg8 Ne4 31. g4 Ng5 32. Ra8 Nf3+ 33. Kg2 Nxe5 34. Ra2 Bh6 35. f3 Nd3 36. Ra7+ Kf6 37. Kg3 Bf4+ 38. Kg2 e5 39. Ra6+ Kg7 40. Ra3 Nc5 41. Ra5 Ne6 42. Ra6 Ng5 43. h6+ Kh7 44. Kf2 Ne6 45. Ra7 Kg6 46. h7 Kxh7 47. Rxf7+ Kg6 48. Re7 Kf6 49. Ra7 Nd4 50. Ra6+ Kg5 51. Ra5 Kf6 52. Ra6+ Kg5 53. Ra8 Kf6 54. Rf8+ Ke7 55. Ra8 Ke6 56. Kg2 Ne2 57. Ra3 Nd4 58. Kh3 Nc6 59. Kh4 Ne7 60. g5 Nf5+ 61. Kg4 Ne3+ 62. Kh5 Nf5 63. g6 Kf6 64. Ra6+ Kg7 65. Ra7+ Kf6 66. Rf7+ Ke6 67. g7 Kxf7 68. Kg4 Nxg7 0-1

[Event "December 19 Early 2023"]
[Site "https://www.chess.com"]
[Date "2023.12.19"]
[Round "11"]
[White "Kohler, Aran"]
[Black "Quirke, Jeffrey"]
[Result "1-0"]
[Board "137"]
[TimeControl "180+1"]
[WhiteFideId "1002856"]
[BlackFideId "2013029"]
[WhiteElo "2273"]
[BlackElo "2152"]
[WhiteTeam "NED"]
[BlackTeam "USA"]
[WhiteClock "0:00:26"]
[BlackClock "0:00:00"]

1. d4 e6 2. Nf3 c5 3. c3 Nf6 4. Bg5 Qb6 5. Qb3 Ne4 6. Bc1 d5 7. e3 Nc6 8. Bb5 Bd7 9. Nbd2 Nxd2 10. Bxd2 Be7 11. Bxc6 bxc6 12. O-O O-O 13. Qc2 Rfb8 14. Rfb1 a5 15. Ne5 Be8 16. a4 f6 17. Nf3 Bg6 18. Qd1 Bxb1 19. Rxb1 cxd4 20. Nxd4 e5 21. Nf5 Bf8 22. Qg4 Rb7 23. e4 Kh8 24. Be3 Qd8 25. exd5 cxd5 26. h4 Rab8 27. b4 axb4 28. cxb4 g6 29. Ng3 Rxb4 30. Rxb4 Rxb4 31. Qd1 Qa8 32. a5 Qxa5 33. Bd2 d4 34. Bxb4 Qxb4 35. Ne4 Bg7 36. h5 g5 37. h6 Bxh6 38. Nxf6 Bg7 39. Qf3 h6 40. Nh5 Qf8 41. Qe4 Qd8 42. Nxg7 Kxg7 43. Qxe5+ Qf6 44. Qe4 Qd6 45. Qb7+ Kg6 46. Qe4+ Kg7 47. Qd3 Qd5 48. f3 h5 49. Kh2 h4 50. Kh1 Qe5 51. Qa6 Qe1+ 52. Kh2 Qg3+ 53. Kh1 h3 54. Qb7+ Kg6 55. Qc6+ 1-0

[Event "December 19 Early 2023"]
[Site "https://www.chess.com"]
[Date "2023.12.19"]
[Round "11"]
[White "Barwinska, Ewa"]
[Black "Feliz Dotel, Dewar Bienvenido"]
[Result "0-1"]
[Board "138"]
[TimeControl "180+1"]
[WhiteFideId "21833761"]
[BlackFideId "6402801"]
[WhiteElo "1879"]
[BlackElo "2069"]
[WhiteTeam "POL"]
[BlackTeam "DOM"]
[WhiteClock "0:00:02"]
[BlackClock "0:00:12"]

1. e4 c5 2. Nf3 Nc6 3. d4 cxd4 4. Nxd4 g6 5. c4 Bg7 6. Be3 Nf6 7. Nc3 Ng4 8. Nxc6 Nxe3 9. Nxd8 Nxd1 10. Rxd1 Bxc3+ 11. bxc3 Kxd8 12. c5 b6 13. cxb6 axb6 14. Bc4 f6 15. f3 Kc7 16. O-O Ba6 17. Rd4 Rhc8 18. Rfd1 Bxc4 19. Rxc4+ Kd8 20. Rcd4 d6 21. Rb4 Rxc3 22. Rd2 Ra6 23. f4 Rca3 24. e5 fxe5 25. fxe5 Rxa2 26. Rxa2 Rxa2 27. exd6 Ra6 28. dxe7+ Kxe7 29. Kf2 Kd6 30. Rh4 h5 31. Rf4 Ke5 32. Rf8 Ra2+ 33. Kg3 g5 34. h3 Rb2 35. Re8+ Kd4 36. Rg8 Rb3+ 37. Kh2 Rb5 38. Rh8 h4 39. Rg8 Ke3 40. Kg1 Kf4 41. Kh2 Rf5 42. Rb8 b5 43. Rb6 Ke3 44. Rb8 Kf2 45. Rb7 Kf1 46. Rc7 b4 47. Rc1+ Kf2 48. Rb1 Rb5 49. Rb3 Ke2 50. g3 Kd2 51. gxh4 gxh4 52. Kg2 Kc2 53. Rf3 b3 54. Rf2+ Kc3 55. Rf3+ Kd4 56. Rf4+ Ke3 57. Rf3+ Ke4 58. Rf1 b2 59. Rb1 Kd3 60. Kf3 Rb4 61. Rh1 b1=Q 62. Rxb1 Rxb1 63. Kg4 Rb4+ 64. Kg5 Ke3 0-1

[Event "December 19 Early 2023"]
[Site "https://www.chess.com"]
[Date "2023.12.19"]
[Round "11"]
[White "De Souza, Cristiano Gomes"]
[Black "Tilahun , Abel Mathewos"]
[Result "1-0"]
[Board "139"]
[TimeControl "180+1"]
[WhiteFideId "2151758"]
[BlackFideId "15702391"]
[WhiteElo "2068"]
[BlackElo "1917"]
[WhiteTeam "BRA"]
[BlackTeam "ETH"]
[WhiteClock "0:01:34"]
[BlackClock "0:00:03"]

1. d4 d5 2. c4 e6 3. Nf3 Nf6 4. Nc3 Be7 5. Bg5 Nbd7 6. e3 h6 7. Bh4 O-O 8. Rc1 a6 9. c5 c6 10. b4 b6 11. a4 a5 12. b5 cxb5 13. c6 Nb8 14. axb5 Bb4 15. Bd3 Re8 16. O-O Ra7 17. Ne5 g5 18. Bg3 Bxc3 19. Rxc3 Ne4 20. Bxe4 dxe4 21. Qc2 f5 22. c7 Rxc7 23. Rxc7 Nd7 24. Rc1 Nxe5 25. Bxe5 Bd7 26. Ra7 Bxb5 27. Qc7 Qxc7 28. Rcxc7 a4 29. Rh7 Kf8 30. Rh8# 1-0

[Event "December 19 Early 2023"]
[Site "https://www.chess.com"]
[Date "2023.12.19"]
[Round "11"]
[White "Navyblue1"]
[Black "Franchini, Gabriele"]
[Result "1-0"]
[Board "140"]
[TimeControl "180+1"]
[BlackFideId "806790"]
[WhiteElo "2087"]
[BlackElo "2215"]
[BlackTeam "ITA"]
[WhiteClock "0:00:16"]
[BlackClock "0:00:01"]

1. d4 d5 2. c4 e6 3. Nf3 Nf6 4. Nc3 c6 5. cxd5 exd5 6. Bg5 h6 7. Bh4 Be7 8. Qc2 O-O 9. e3 Re8 10. Bd3 Ne4 11. Bxe7 Qxe7 12. O-O Bf5 13. Rae1 Nd7 14. Nd2 Nxd2 15. Qxd2 Bxd3 16. Qxd3 Rad8 17. h3 Nb6 18. b3 Nc8 19. e4 dxe4 20. Rxe4 Qd7 21. Rxe8+ Rxe8 22. Rd1 Nb6 23. Qf3 Rd8 24. a4 Nd5 25. Nxd5 Qxd5 26. Qxd5 Rxd5 27. Kf1 Kf8 28. Ke2 Ke7 29. Ke3 a5 30. Rc1 Kd6 31. g4 Ke6 32. f4 Rd6 33. f5+ Kd7 34. h4 Rd5 35. Ke4 g6 36. fxg6 fxg6 37. Rf1 Ke7 38. Rf3 Rd8 39. Rg3 Re8 40. g5 Kd6+ 41. Kf4 h5 42. Re3 Rxe3 43. Kxe3 Kd5 44. Kd3 b5 45. Ke3 bxa4 46. bxa4 Kc4 47. Ke4 Kb4 48. Ke5 Kxa4 49. Kf6 Kb4 50. Kxg6 a4 51. Kxh5 a3 52. g6 a2 53. g7 a1=Q 54. g8=Q Qxd4 55. Qg5 c5 56. Kg6 c4 57. h5 c3 58. h6 c2 59. h7 Qd6+ 60. Kg7 Qe7+ 61. Qxe7+ Kb3 62. Qg5 Kb2 63. h8=Q 1-0

[Event "December 19 Early 2023"]
[Site "https://www.chess.com"]
[Date "2023.12.19"]
[Round "11"]
[White "Palmer, Reegan"]
[Black "SulfatoFerroso"]
[Result "0-1"]
[Board "141"]
[TimeControl "180+1"]
[WhiteFideId "14322145"]
[WhiteElo "1814"]
[BlackElo "1945"]
[WhiteTeam "RSA"]
[WhiteClock "0:00:06"]
[BlackClock "0:00:35"]

1. e4 c5 2. Nf3 e6 3. Qe2 Nc6 4. g3 g6 5. Bg2 Bg7 6. c3 Nge7 7. d3 e5 8. O-O O-O 9. Nbd2 b6 10. Rd1 Ba6 11. Nf1 d5 12. Qe1 d4 13. h4 f5 14. Ng5 Qd7 15. exf5 gxf5 16. Qe2 h6 17. Qh5 hxg5 18. hxg5 Qe8 19. g6 Rf6 20. Qh7+ Kf8 21. Bg5 Qxg6 22. Qxg6 Rxg6 23. Bxe7+ Kxe7 24. f4 exf4 25. gxf4 dxc3 26. bxc3 Bxc3 27. Rac1 Bd4+ 28. Kh2 Rh8+ 29. Bh3 Rgh6 0-1

[Event "December 19 Early 2023"]
[Site "https://www.chess.com"]
[Date "2023.12.19"]
[Round "11"]
[White "Essing, Arnold"]
[Black "Santos, Isaque Goncalves"]
[Result "0-1"]
[Board "142"]
[TimeControl "180+1"]
[WhiteFideId "4619862"]
[BlackFideId "2103885"]
[WhiteElo "2257"]
[BlackElo "1901"]
[WhiteTeam "GER"]
[BlackTeam "BRA"]
[WhiteClock "0:00:05"]
[BlackClock "0:00:07"]

1. d4 d5 2. Nf3 e6 3. c4 c6 4. Nc3 dxc4 5. e3 b5 6. a4 Bb4 7. Bd2 Bxc3 8. Bxc3 a5 9. axb5 cxb5 10. b3 Bb7 11. bxc4 b4 12. Bb2 Nf6 13. Bd3 Bc6 14. Bc2 Nbd7 15. O-O Nb6 16. Ne5 Bb7 17. c5 Nbd5 18. Ba4+ Ke7 19. Rc1 Rc8 20. Qd2 Ba6 21. Rfd1 Ne4 22. Qc2 Nec3 23. Rd2 Nxa4 24. Qxa4 Qc7 25. Ra1 f6 26. Nf3 Bb7 27. e4 Nf4 28. Qc2 g5 29. g3 Nh3+ 30. Kf1 g4 31. Nh4 Ng5 32. d5 Qxc5 33. d6+ Kd7 34. Qxc5 Rxc5 35. Bxf6 Rg8 36. Bxg5 Rgxg5 37. Rad1 Bxe4 38. Ng2 Bxg2+ 39. Kxg2 Rgd5 40. Kf1 Kxd6 41. Ke2 Rxd2+ 42. Rxd2+ Rd5 43. Ra2 h5 44. Ke3 Kc6 45. f3 gxf3 46. Kxf3 Kb5 47. h3 b3 48. Ra1 a4 49. g4 hxg4+ 50. hxg4 b2 51. Rb1 a3 0-1

[Event "December 19 Early 2023"]
[Site "https://www.chess.com"]
[Date "2023.12.19"]
[Round "11"]
[White "Vargas, Mauricio"]
[Black "Chemin, Justo Reinaldo"]
[Result "0-1"]
[Board "143"]
[TimeControl "180+1"]
[WhiteFideId "4404572"]
[BlackFideId "2101580"]
[WhiteElo "1982"]
[BlackElo "1940"]
[WhiteTeam "COL"]
[BlackTeam "BRA"]
[WhiteClock "0:01:23"]
[BlackClock "0:01:47"]

1. e4 e5 2. Nf3 Nc6 3. d4 exd4 4. Bc4 Bc5 5. c3 d3 6. Qxd3 d6 7. O-O Nf6 8. a4 Bg4 9. b4 Bxf3 10. gxf3 Ne5 11. Qe2 Qd7 12. bxc5 Qh3 13. Bf4 Nxf3+ 14. Kh1 Ng4 15. Bg3 Nfxh2 16. Nd2 Nf3+ 17. Bh2 Qxh2# 0-1

[Event "December 19 Early 2023"]
[Site "https://www.chess.com"]
[Date "2023.12.19"]
[Round "11"]
[White "Masterisback04"]
[Black "Arshiya Das"]
[Result "0-1"]
[Board "144"]
[TimeControl "180+1"]
[BlackFideId "25652150"]
[WhiteElo "1772"]
[BlackElo "1481"]
[BlackTeam "IND"]
[WhiteClock "0:00:00"]
[BlackClock "0:01:20"]

1. e4 c5 2. Nf3 d6 3. Bb5+ Bd7 4. Bxd7+ Qxd7 5. d4 cxd4 6. Qxd4 Nc6 7. Qd3 Nf6 8. Bg5 Rc8 9. c4 h6 10. Bh4 g5 11. Bg3 Bg7 12. Nc3 O-O 13. Rd1 Nb4 14. Qe2 a6 15. O-O Qc7 16. a3 Nc6 17. c5 Rcd8 18. cxd6 exd6 19. Rd3 Ne5 20. Rd2 Rfe8 21. Rfd1 Nc4 22. Rc2 b5 23. Nd5 Nxd5 24. Rxd5 Qb7 25. b3 Nxa3 26. Rcd2 Nb1 27. Rd1 Nc3 28. Qd3 Nxd1 29. Qxd1 Rxe4 30. Rxd6 Rxd6 31. Qxd6 Qe7 32. h3 Qxd6 33. Bxd6 Re6 34. Bc5 a5 35. b4 a4 36. Nd2 Bc3 37. Nb1 Bb2 38. Nd2 a3 39. Kh2 a2 40. Nb3 Ra6 41. g3 Ra3 0-1

[Event "December 19 Early 2023"]
[Site "https://www.chess.com"]
[Date "2023.12.19"]
[Round "11"]
[White "Igel2023"]
[Black "Clawitter, Craig"]
[Result "1/2-1/2"]
[Board "145"]
[TimeControl "180+1"]
[BlackFideId "2023105"]
[WhiteElo "2187"]
[BlackElo "2237"]
[BlackTeam "USA"]
[WhiteClock "0:00:08"]
[BlackClock "0:00:05"]

1. e4 e6 2. d4 d5 3. Nd2 Be7 4. e5 c5 5. c3 cxd4 6. cxd4 Nh6 7. Bd3 Nc6 8. Ne2 O-O 9. O-O Nf5 10. Nf3 Qb6 11. Rb1 Kh8 12. Bxf5 exf5 13. b4 h6 14. h4 Be6 15. h5 Na5 16. Bxh6 gxh6 17. bxa5 Qxa5 18. Rxb7 Bg5 19. Qb3 Rac8 20. Rb1 Qa6 21. Nc3 Qc4 22. Na4 f4 23. Nc5 Bf5 24. Qxc4 dxc4 25. Rc1 Bd3 26. Rxa7 Be2 27. Nxg5 hxg5 28. f3 Rfd8 29. Kf2 Bd3 30. Rxf7 Rxd4 31. Ne6 Rd5 32. Nxg5 Rxe5 33. Ne4 Bxe4 34. fxe4 Rxe4 35. Kf3 Rd4 36. Rxf4 Rd3+ 37. Ke4 Rd2 38. Kf5 Rxg2 39. Rfxc4 Rxc4 40. Rxc4 Rxa2 41. Rg4 Ra5+ 42. Kf4 1/2-1/2

[Event "December 19 Early 2023"]
[Site "https://www.chess.com"]
[Date "2023.12.19"]
[Round "11"]
[White "Olcayoz, Gizem"]
[Black "Rose, Felix"]
[Result "0-1"]
[Board "146"]
[TimeControl "180+1"]
[WhiteFideId "6301444"]
[BlackFideId "5105722"]
[WhiteElo "1856"]
[BlackElo "2039"]
[WhiteTeam "TUR"]
[BlackTeam "MEX"]
[WhiteClock "0:00:00"]
[BlackClock "0:00:05"]

1. e4 c5 2. Nc3 g6 3. d4 cxd4 4. Qxd4 Nf6 5. Be3 Nc6 6. Qd2 Bg7 7. f3 O-O 8. Nge2 d6 9. h4 h5 10. Nf4 Qa5 11. Bc4 Ne5 12. Bb3 Bd7 13. O-O-O Rac8 14. Kb1 Nc4 15. Bxc4 Rxc4 16. Ncd5 Qd8 17. Nxf6+ Bxf6 18. Nd5 Bg7 19. Bg5 Re8 20. Nxe7+ Rxe7 21. Bxe7 Qxe7 22. Qxd6 Qe8 23. Qxd7 Qe5 24. c3 Rxc3 25. bxc3 Qxc3 26. Qb5 Qa1+ 27. Kc2 Qc3+ 28. Kb1 Qa1+ 29. Kc2 Qxa2+ 30. Kd3 Qxg2 31. Rhf1 b6 32. Qe8+ Kh7 33. Qxf7 Qb2 34. f4 Qc3+ 35. Ke2 Qg3 36. f5 Qg4+ 37. Ke3 Qh3+ 38. Ke2 Qg4+ 39. Kd3 Qh3+ 40. Kc4 Qc3+ 41. Kd5 Qc5+ 42. Ke6 Qe5+ 43. Kd7 Qb5+ 44. Kc8 Qc6+ 45. Kb8 Kh8 46. Rd8+ Kh7 47. Rd7 Qc3 0-1

[Event "December 19 Early 2023"]
[Site "https://www.chess.com"]
[Date "2023.12.19"]
[Round "11"]
[White "Brandao, Marcius Gomes"]
[Black "Donatti, Alvaro"]
[Result "1-0"]
[Board "149"]
[TimeControl "180+1"]
[WhiteFideId "2124980"]
[BlackFideId "3000303"]
[WhiteElo "2077"]
[BlackElo "2138"]
[WhiteTeam "BRA"]
[BlackTeam "URU"]
[WhiteClock "0:00:06"]
[BlackClock "0:00:00"]

1. d4 Nf6 2. c4 c5 3. d5 b5 4. cxb5 a6 5. bxa6 Bxa6 6. Nc3 d6 7. e4 Bxf1 8. Kxf1 g6 9. Nf3 Bg7 10. g3 O-O 11. Kg2 Nbd7 12. a4 Qa5 13. Ra3 Rfb8 14. Re1 c4 15. Nd4 Qb6 16. Nc6 Re8 17. a5 Qb7 18. Qe2 Ne5 19. Nxe5 dxe5 20. Qxc4 Rec8 21. Qd3 Qb4 22. Ra4 Qb3 23. Ra3 Qb4 24. Re2 Rxa5 25. Rxa5 Qxa5 26. Bg5 Rb8 27. d6 exd6 28. Qxd6 Qb6 29. Qxe5 Ng4 30. Qf4 h5 31. h3 Nf6 32. Bxf6 Bxf6 33. e5 Bg7 34. e6 fxe6 35. Kh2 Qc6 36. Qxb8+ Kh7 37. Qf4 e5 38. Qe4 1-0

[Event "December 19 Early 2023"]
[Site "https://www.chess.com"]
[Date "2023.12.19"]
[Round "11"]
[White "Bogumil, Tatiana"]
[Black "Bushonica"]
[Result "1-0"]
[Board "150"]
[TimeControl "180+1"]
[WhiteFideId "4110579"]
[WhiteElo "1853"]
[BlackElo "1928"]
[WhiteTeam "RUS"]
[WhiteClock "0:00:16"]
[BlackClock "0:01:03"]

1. Nf3 d5 2. c4 c5 3. g3 e6 4. Bg2 Nf6 5. O-O Nc6 6. b3 Be7 7. Bb2 O-O 8. cxd5 exd5 9. d4 c4 10. bxc4 dxc4 11. a4 Be6 12. Nc3 Na5 13. e4 Nb3 14. Ra2 Bg4 15. d5 Bb4 16. h3 Bxf3 17. Bxf3 Bxc3 18. Bxc3 a6 19. a5 Re8 20. Re1 Rc8 21. g4 h6 22. e5 Nd7 23. d6 Ndc5 24. Bd5 Qd7 25. Bxc4 Qc6 26. Bd5 Qb5 27. Qf3 Rf8 28. h4 Ne6 29. Ba1 Nbd4 30. Qe4 Qb4 31. Bxd4 Qxd4 32. Bxe6 Qxe4 33. Bxf7+ Rxf7 34. Rxe4 Re8 35. e6 Rf6 36. d7 1-0

[Event "December 19 Early 2023"]
[Site "https://www.chess.com"]
[Date "2023.12.19"]
[Round "11"]
[White "Zepeda Berlanga, Jan Enrique"]
[Black "Gulamirian, Korun"]
[Result "0-1"]
[Board "151"]
[TimeControl "180+1"]
[WhiteFideId "5132355"]
[BlackFideId "4144899"]
[WhiteElo "1680"]
[BlackElo "1621"]
[WhiteTeam "MEX"]
[BlackTeam "RUS"]
[WhiteClock "0:00:17"]
[BlackClock "0:00:28"]

1. e4 e5 2. Nf3 Nc6 3. Bc4 Nf6 4. O-O Bc5 5. Re1 O-O 6. c3 Bb6 7. d4 exd4 8. cxd4 d5 9. exd5 Nxd5 10. Bg5 Qd6 11. Nc3 Nxc3 12. bxc3 Bg4 13. h3 Bh5 14. g4 Bg6 15. d5 Na5 16. Bb3 h6 17. Be7 Qf4 18. Bxf8 Rxf8 19. Kg2 c5 20. Qc1 Qd6 21. Ne5 Bc7 22. c4 Nxb3 23. axb3 Bh7 24. Rxa7 f6 25. Nf3 Qb6 26. Ra3 Qb4 27. Re7 Bf4 28. Qa1 Bd6 29. Re6 Bb8 30. Qb2 b5 31. Rb6 Be5 32. Nxe5 fxe5 33. Rxb5 Qe1 34. Qc2 Bxc2 0-1

[Event "December 19 Early 2023"]
[Site "https://www.chess.com"]
[Date "2023.12.19"]
[Round "11"]
[White "Sarkar, Justin"]
[Black "Mayaud, Raphael"]
[Result "1-0"]
[Board "153"]
[TimeControl "180+1"]
[WhiteFideId "2010011"]
[BlackFideId "627151"]
[WhiteElo "2138"]
[BlackElo "2191"]
[WhiteTeam "USA"]
[BlackTeam "FRA"]
[WhiteClock "0:00:32"]
[BlackClock "0:01:06"]

1. e4 c5 2. Nf3 e6 3. d4 cxd4 4. Nxd4 a6 5. Nd2 Nc6 6. Nxc6 dxc6 7. e5 Ne7 8. Bd3 Ng6 9. Nf3 Qc7 10. Qe2 Be7 11. O-O c5 12. a4 b6 13. h4 h5 14. Bxg6 fxg6 15. Qe4 Kf7 16. Qxa8 Rf8 17. Qe4 Bb7 18. Qe2 Qc6 19. Bg5 Bxg5 20. Nxg5+ Kg8 21. f3 Rf4 22. g3 Rxa4 23. Rxa4 Qxa4 24. Rd1 1-0